Map: Blackpink LE

Players

Juxtapose

  • Race: Protoss Protoss
  • League: Gold
  • Spawn Location: 1:00

RedwoodLynx - Winner!

  • Race: Terran Terran
  • League: Platinum
  • Spawn Location: 7:00

VOD

https://youtu.be/65cfLAL0oSs

Description

So I'm not figuring out the Protoss early game like I thought I was. This rush hit me good, and I was not able to fully recover from it.

I think I'm going to need to post on the Forums and ask for a little assistance.

Time

  • Played on: Nov. 26, 2017, 11:38 a.m.
  • Length: 13:56
Show
View Real Time Build Order
Export as new Build Order

Juxtapose Protoss 

Build Orders:  

Get SALT Encoding   

  12  0:01  Probe  
  13  0:13  Probe  
  14  0:19  Pylon  
  14  0:25  Probe  
  15  0:37  Probe  
  16  0:43  Gateway  
  16  0:49  Probe  
  17  0:54  Assimilator  
  17  0:59  Pylon  
  17  1:02  Probe  
  18  1:14  Probe  
  19  1:23  Assimilator  
  19  1:26  Probe  
  20  1:38  Cybernetics Core, Probe  
  20  1:39  Zealot  
  23  1:50  Probe  
  23  1:53  Pylon  
  24  2:02  Probe  
  24  2:07  Pylon  
  25  2:15  Warp Gate (Chrono Boost)  
  25  2:19  Adept  
  27  2:24  Forge  
  27  2:38  Gateway  
  27  2:46  Adept  
  29  2:56  Gateway  
  29  2:58  Protoss Ground Weapons Level 1 (Chrono Boost)  
  29  3:13  Adept  
  29  3:16  Stargate  
  31  3:26  Adept  
  29  3:44  Adept  
  29  3:53  Photon Cannon  
  29  3:55  Photon Cannon  
  27  4:13  Shield Battery  
  27  4:19  Adept (Chrono Boost)  
  27  4:26  Shield Battery  
  27  4:31  Cybernetics Core  
  27  4:36  Zealot (Chrono Boost)  
  27  4:53  Zealot  
  29  5:03  Pylon  
  29  5:04  Gateway  
  29  5:05  Oracle  
  32  5:09  Protoss Ground Armor Level 1 (Chrono Boost)  
  32  5:52  Nexus  
  32  6:00  Void Ray (Chrono Boost)  
  32  6:03  Adept x2  
  40  6:16  Adept  
  42  6:26  Adept  
  42  6:27  Adept  
  46  7:03  Robotics Facility  
  46  7:05  Probe  
  46  7:08  Adept x3  
  53  7:17  Probe  
  54  7:24  Pylon  
  54  7:26  Pylon  
  54  7:29  Probe  
  55  7:41  Probe  
  56  7:45  Twilight Council  
  56  7:52  Photon Cannon  
  56  7:53  Probe  
  56  7:54  Photon Cannon  
  57  8:03  Probe  
  59  8:05  Probe  
  59  8:08  Shield Battery  
  59  8:15  Probe  
  60  8:21  Probe  
  60  8:22  Pylon  
  61  8:27  Probe  
  61  8:29  Photon Cannon  
  61  8:31  Shield Battery  
  62  8:51  Photon Cannon  
  56  8:55  Stalker  
  56  8:56  Stalker  
  56  8:58  Stalker  
  54  9:13  Photon Cannon  
  44  9:22  Pylon  
  40  9:25  Phoenix  
  42  9:33  Photon Cannon  
  35  9:48  Photon Cannon  
  35  9:53  Photon Cannon  
  35  9:59  Observer  
  36  10:07  Probe (Chrono Boost)  
  38  10:18  Probe (Chrono Boost)  
  38  10:20  Observer  
  40  10:21  Probe  
  40  10:36  Probe  
  40  10:39  Assimilator  
  40  10:41  Assimilator  
  41  10:48  Probe  
  42  10:52  Stalker  
  42  10:53  Adept  
  46  11:01  Probe  
  42  11:13  Probe, Stalker  
  42  11:14  Stalker  
  16  11:33  Probe (Chrono Boost)  
  17  11:44  Probe (Chrono Boost)  
  18  11:47  Probe (Chrono Boost)  
  19  11:59  Probe (Chrono Boost)  
  20  12:02  Probe (Chrono Boost)  
  21  12:14  Probe (Chrono Boost)  
  22  12:16  Probe (Chrono Boost)  
  23  12:28  Probe (Chrono Boost)  
  24  12:30  Probe  
  24  12:33  Photon Cannon  
  25  12:42  Probe (Chrono Boost)  
  27  12:54  Probe (Chrono Boost)  
  27  12:56  Probe  
  28  13:08  Probe  
  29  13:20  Probe  
  29  13:25  Nexus  
  30  13:32  Probe  
  31  13:37  Stalker  
Show
View Real Time Build Order
Export as new Build Order

RedwoodLynx Terran - Winner!

Build Orders:  

Get SALT Encoding   

  12  0:01  SCV  
  13  0:13  SCV  
  14  0:19  Supply Depot  
  14  0:25  SCV  
  15  0:41  SCV  
  15  0:42  Barracks  
  16  0:48  Supply Depot  
  16  0:53  SCV  
  17  1:06  Barracks  
  17  1:07  SCV  
  18  1:23  Barracks  
  18  1:24  SCV  
  19  1:31  Refinery  
  19  1:34  Marine  
  20  1:45  Orbital Command  
  20  1:52  Marine  
  21  2:01  Marine, Supply Depot  
  22  2:10  Marine  
  22  2:12  Marine  
  24  2:17  SCV  
  24  2:18  Marine  
  26  2:27  Marine  
  26  2:29  SCV  
  28  2:30  Marine  
  28  2:36  Marine  
  30  2:45  Marine  
  30  2:46  SCV  
  30  2:48  Marine  
  33  2:54  Marine  
  33  2:55  Factory  
  33  2:58  Refinery  
  34  3:02  Barracks  
  34  3:05  Marine  
  35  3:06  Marine  
  36  3:13  Supply Depot  
  36  3:18  Supply Depot  
  36  3:20  SCV  
  33  3:49  Marine x2  
  33  3:50  Marine  
  34  4:07  Marine x3  
  37  4:25  Marine x3  
  37  4:27  SCV  
  41  4:39  SCV  
  40  4:51  SCV  
  41  5:03  SCV  
  42  5:07  Starport  
  42  5:15  Starport, SCV  
  42  5:20  Starport  
  43  5:27  SCV  
  44  5:29  Marine x3  
  44  5:32  Barracks Tech Lab  
  47  5:39  SCV  
  48  5:46  Starport Tech Lab  
  48  5:47  Marine x3  
  51  6:06  Command Center  
  51  6:08  Supply Depot  
  51  6:10  Marine x2  
  51  6:11  Marine  
  54  6:13  Starport Tech Lab  
  54  6:14  Starport Tech Lab  
  54  6:18  Combat Shields  
  54  6:20  Marine  
  55  6:29  Marine x3  
  55  6:31  Supply Depot  
  58  6:34  Banshee  
  58  6:38  Marine, Cloaking Field  
  61  6:47  Marine x2  
  61  6:53  Banshee x2, Marine  
  70  6:56  Supply Depot  
  70  7:19  Marine x3, Supply Depot  
  70  7:22  Banshee  
  73  7:25  Command Center  
  76  7:36  Marine  
  76  7:37  Marine x2  
  76  7:44  Banshee x2  
  85  8:08  Refinery, Marine x2  
  87  8:23  Banshee  
  87  8:26  Banshee  
  93  8:29  Supply Depot  
  93  8:52  Supply Depot  
  51  9:26  Marine x3  
  51  9:28  Banshee x3  
  62  9:44  Marine x3  
  65  9:55  Marine  
  66  10:02  Marine x3  
  69  10:13  Viking x2, Marine  
  74  10:19  Marine  
  74  10:20  Marine x2  
  77  10:23  SCV  
  78  10:31  Marine  
  79  10:35  SCV  
  80  10:48  SCV  
  81  11:01  Command Center  
  64  11:27  Marine x4  
  51  11:44  Barracks  
  51  11:45  Marine x4, Barracks  
  55  11:47  Banshee  
  58  12:02  Marine  
  58  12:03  Marine x3  
  62  12:12  Banshee x2  
  68  12:20  Marine  
  68  12:21  Marine x3  
  72  12:23  Engineering Bay  
  72  12:29  Engineering Bay  
  72  12:31  Marine  
  72  12:32  Marine  
  72  12:35  Barracks  
  74  12:38  Banshee, Marine x2  
  74  12:39  Marine x2  
  81  12:47  SCV  
  81  12:49  Marine x2  
  84  12:54  Orbital Command  
  84  12:56  Marine x3  
  84  12:57  Marine  
  88  12:59  SCV  
  89  13:08  Marine x2  
  89  13:11  SCV  
  92  13:14  Marine x4  
  96  13:23  SCV  
  96  13:25  Marine  
  96  13:26  Marine  
  99  13:32  Marine x4  
  109  13:35  SCV  
Tags
 
Add a new tag
Caveats
  • Supply blocks, unpowered buildings, or Contaminate may cause inaccurate times.
  • Supply counts are checked every 10 seconds.